 Dungeon Crawl Stone Soup version 0.29-a0-919-gd064cfad1c (webtiles) character file.

Game seed: 17126392983276528402

89 zishaf the Sneak (level 4, -7/23 HPs)
             Began as a Vine Stalker Brigand on July 26, 2022.
             Splashed by a jelly's acid (8 damage)
             ... on level 3 of the Dungeon.
             The game lasted 00:02:54 (2078 turns).

zishaf the Sneak (Vine Stalker Brigand)             Turns: 2078, Time: 00:02:55

Health: -7/23      AC: -1    Str: 13    XL:     4   Next: 55%
Magic:  0/5        EV: 12    Int: 11    God:
Gold:   126        SH:  5    Dex: 18    Spells: 3/3 levels left

rFire   . . .      SeeInvis +   l - +3 short sword
rCold   . . .      Faith    .   (no shield)
rNeg    . . .      Spirit   +   b - +0 robe
rPois   .          Reflect  +   (no helmet)
rElec   .          Harm     .   c - +0 cloak
rCorr   .          Rampage  .   (no gloves)
Will    +....                   (no boots)
Stlth   +++.......              r - amulet of reflection
HPRegen 0.87/turn               h - ring of see invisible
MPRegen 0.09/turn               i - ring of willpower

@: corroded
A: fangs 2, regeneration 1, magic shield, antimagic bite, no potion heal 2
a: no special abilities


You were on level 3 of the Dungeon.
You visited 1 branch of the dungeon, and saw 3 of its levels.

You collected 126 gold pieces.

Inventory:

Hand Weapons
 a - a +2 dagger
 l - a +3 short sword (weapon)
Missiles
 d - 9 poisoned darts (quivered)
 e - 3 curare-tipped darts
 q - 6 boomerangs
Armour
 b - a +0 robe (worn)
 c - a +0 cloak (worn)
Jewellery
 h - a ring of see invisible (left hand)
 i - a ring of willpower (right hand)
 r - an amulet of reflection (around neck)
Scrolls
 f - a scroll of blinking {unknown}
 j - a scroll of fear {unknown}
 m - 3 scrolls of identify {unknown}
 n - a scroll of summoning {unknown}
 p - a scroll of enchant armour {unknown}
 s - a scroll of teleportation {unknown}
 t - a scroll of amnesia {unknown}
 v - a scroll of vulnerability {unknown}
 w - a scroll of poison {unknown}
Potions
 g - a potion of curing {unknown}
 k - 2 potions of flight {unknown}
 o - a potion of lignification {unknown}
 u - 2 potions of heal wounds {unknown}
 x - a potion of resistance {unknown}


   Skills:
 + Level 2.7 Fighting
 + Level 2.7 Short Blades
 + Level 2.7 Throwing
 - Level 1.0 Dodging
 - Level 5.0 Stealth


You had 3 spell levels left.
You didn't know any spells.
Your spell library was empty.

Dungeon Overview and Level Annotations

Branches:
Dungeon (3/15)

Altars:
Elyvilon


Innate Abilities, Weirdness & Mutations

You have extremely sharp teeth.
Your natural rate of healing is unusually fast.
When hurt, damage is shared between your health and your magic reserves.
Your bite disrupts and absorbs the magic of your enemies.
Potions cannot restore your health.


Message History

You hit the hobgoblin.
You kill the hobgoblin!
You barely miss the rat. You block the rat's attack.
You hit the rat.
You kill the rat!
You hit the goblin. You bite the goblin.
You kill the goblin!
No target in view!
Magic restored.
You now have 126 gold pieces (gained 16).
Things that are here:
a +0 club; a goblin corpse; a rat corpse
x - a brown potion A jelly comes into view.
The jelly quivers.
A quokka comes into view.
Found a stone staircase leading up.
The jelly closely misses you.
You hit the jelly.
Your hands burn!
The jelly is moderately wounded.
The jelly barely misses you.
You hit the jelly.
Your hands burn!
The jelly is heavily wounded.
The jelly hits you. The acid corrodes you!
You are splashed with acid!
You hit the jelly but do no damage.
Your hands burn!
The jelly is heavily wounded.
The jelly closely misses you.
You are too injured to fight recklessly!
You are too injured to fight recklessly!
You are too injured to fight recklessly!
You hit the jelly.
Your hands burn!
You bite the jelly, but do no damage.
The jelly is severely wounded.
The jelly barely misses you.
You hit the jelly. The acid corrodes you!
Your hands burn!
* * * LOW HITPOINT WARNING * * *
The jelly is severely wounded.
The jelly hits you.
* * * LOW HITPOINT WARNING * * *
You are splashed with acid!
You die...

#..........#
#...##)##....#r.
#..##...##.#.#.# #.
#..#..#...#.# #
#.#.#.#..##.#
#....#.....##!####
#.#.#.#.#........
#.#..#..#.##..#####.#
# ##...##....@J......
##.##...##.#######
......?##.#
####...###.# #####
#<. ###


You could see a jelly and a quokka (asleep).

Vanquished Creatures
  An adder (D:2)
  A worm (D:2)
  A dart slug (D:1)
  4 ball pythons
  2 bats
  6 endoplasms
  3 giant cockroaches (D:1)
  7 goblins
  8 hobgoblins
  8 jackals (D:2)
  7 kobolds
  5 quokkas
  4 frilled lizards
  9 rats
66 creatures vanquished.

Notes
Turn   | Place    | Note
-------+----------+-------------------------------------------
     0 | D:1      | zishaf the Vine Stalker Brigand began the quest for the
                  | Orb.
     0 | D:1      | Reached XP level 1. HP: 11/11 MP: 2/2
   194 | D:1      | Reached skill level 1 in Dodging
   194 | D:1      | Reached XP level 2. HP: 15/15 MP: 3/3
   201 | D:1      | Reached skill level 5 in Stealth
   539 | D:1      | Reached XP level 3. HP: 18/18 MP: 4/4
   826 | D:1      | Found a faded altar of an unknown god.
   826 | D:1      | Noticed a tormentor
  1154 | D:2      | Found a white marble altar of Elyvilon.
  1482 | D:2      | Gained mutation: Your natural rate of healing is unusually
                  | fast. [Vine Stalker growth]
  1482 | D:2      | Reached XP level 4. HP: 23/23 MP: 5/5
  2078 | D:3      | HP: 1/23 [jelly (3)]
  2078 | D:3      | Splashed by a jelly's acid

Illustrated notes

Levels and vault maps discovered:
D:1:      spicycebolla_arrival_transporter_tutorial, layout_basic,
          dreamdust_ecumenical_altar_sealed_demon, minmay_tetromino_t4
D:2:      layout_rooms, basic_altar, minmay_misc_feat_room, serial_bayou_pond_a,
          minmay_stone_trees_small
D:3:      layout_loops_ring, minmay_box_of_dots, uniq_grinder

Skill      XL: |  1  2 |
---------------+-------+-----
Dodging        | 1 |  1.0
Stealth        | 5 |  5.0
Fighting       | 2 |  2.7
Short Blades   | 2 |  2.7
Throwing       | 2 |  2.7

Action                   |  1- 3 |  4- 6 || total
-------------------------+-------+-------++-------
Melee: Dagger            |    67 |       ||    67
       Bite              |    20 |     6 ||    26
       Short sword       |    39 |    47 ||    86
       Punch             |       |     1 ||     1
 Stab: Sleeping          |    10 |     5 ||    15
Armor: Robe              |    24 |     6 ||    30
Dodge: Dodged            |    53 |    33 ||    86
Block: Other             |     4 |     8 ||    12

Table legend: (Time is in decaauts)
 A = Elapsed time spent in this place.
 B = Non-inter-level travel time spent in this place.
 C = Inter-level travel time spent in this place.
 D = Time resting spent in this place.
 E = Time spent auto-exploring this place.
 F = Levels seen in this place.
 G = Mean time per level.
                   A        B        C        D        E       F      G
               +--------+--------+--------+--------+--------+-----+--------+
         Total |   2068 |   2027 |     41 |      0 |   1591 |   3 |  689.3 |
       Dungeon |   2068 |   2027 |     41 |      0 |   1591 |   3 |  689.3 |
               +--------+--------+--------+--------+--------+-----+--------+

Top non-repeatable levels by time:
     D:1: 1117 daAuts
     D:2: 678 daAuts
     D:3: 272 daAuts
